 Dungeon Crawl Stone Soup version 0.25-a0-237-g0889b22 (webtiles) character file.

Game seed: 14582315563500156444, levelgen mode: deterministic

112 Blackhawk the Skirmisher (level 4, -2/41 HPs)
             Began as a Minotaur Berserker on Dec 2, 2019.
             Was a Priest of Trog.
             Slain by Grinder (4 damage)
             ... on level 3 of the Dungeon.
             The game lasted 00:03:24 (2160 turns).

Blackhawk the Skirmisher (Minotaur Berserker)       Turns: 2160, Time: 00:03:25

Health: -2/41      AC:  3    Str: 27    XL:     4   Next: 63%
Magic:  3/3        EV: 13    Int:  9    God:    Trog [***...]
Gold:   112        SH:  0    Dex: 10    Spells: 3/3 levels left

rFire    + . .     SeeInvis .   a - +0 hand axe
rCold    + . .     Gourm    .   (no shield)
rNeg     . . .     Faith    .   b - +0 animal skin
rPois    +         Spirit   .   (helmet restricted)
rElec    +         Reflect  .   n - +0 cloak
rCorr    +         Harm     .   (no gloves)
MR       .....                  (no boots)
Stlth    +.........             (no amulet)
HPRegen  0.13/turn              (no ring)
MPRegen  0.08/turn              (no ring)

@: mighty, brilliant, resistant
A: retaliatory headbutt, horns 2
a: Berserk, Trog's Hand, Renounce Religion


You were on level 3 of the Dungeon.
You worshipped Trog.
Trog was most pleased with you.
You were not hungry.

You visited 1 branch of the dungeon, and saw 3 of its levels.

You collected 112 gold pieces.

Inventory:

Hand Weapons
 a - a +0 hand axe (weapon)
Armour
 b - a +0 animal skin (worn)
 n - a +0 cloak (worn)
Jewellery
 p - an uncursed ring of protection from cold {unknown}
Wands
 m - a wand of flame (19)
 v - a wand of random effects (12)
Scrolls
 h - 3 scrolls of identify {unknown}
 i - 4 scrolls of remove curse {unknown}
 l - a scroll of blinking {unknown}
 r - a scroll of teleportation {unknown}
 s - a scroll of fear {unknown}
 t - a scroll of enchant armour {unknown}
Potions
 d - a potion of heal wounds
 e - a potion of brilliance
 j - a potion of lignification {unknown}
 o - a potion of haste {unknown}
 q - a potion of magic {unknown}
 u - 2 potions of flight {unknown}
Comestibles
 c - 6 rations
 f - 4 chunks of flesh


   Skills:
 + Level 4.5 Fighting
 + Level 4.5 Axes
 + Level 3.6 Armour
 + Level 3.2 Dodging


You had 3 spell levels left.
You didn't know any spells.
Your spell library was empty.

Dungeon Overview and Level Annotations

Branches:
Dungeon (3/15)

Altars:
Gozag

Annotations:
D:3 Grinder


Innate Abilities, Weirdness & Mutations

You reflexively headbutt those who attack you in melee.
You have a pair of horns on your head.


Message History

Grinder hits you.
You closely miss Grinder. Your headbutt misses Grinder.
Grinder barely misses you.
You barely miss Grinder. Your headbutt misses Grinder.
Grinder blinks!
You see here a +0 dagger.
You closely miss Grinder. Grinder hits you but does no damage.
You barely miss Grinder. Your headbutt misses Grinder.
Grinder closely misses you. You furiously retaliate!
You headbutt Grinder! You barely miss Grinder.
Grinder is heavily wounded.
Grinder blinks!
Grinder blinks!
Grinder hits you!
* * * LOW HITPOINT WARNING * * *
You writhe in agony.
* * * LOW HITPOINT WARNING * * *
You barely miss Grinder.
Grinder is heavily wounded.
Grinder hits you.
You die...

######### . ......... ..
.........####'###
#.........#... ..#
#...........# %...
#..........##....#
#........)..#.....
#.................
########.......5@..#.....
.........######....# ....
.....###..#####....# .#
.....# ##....#.....#
.....# #..#.......#
...### #..###....## ...#
#.........# ...#
###.##........ ...##
####.######..


You could see Grinder.

Vanquished Creatures
  Jessica (D:3)
  An adder (D:2)
  A worm (D:2)
  A dart slug (D:1)
  2 leopard geckos
  5 orcs (D:2)
  8 bats
  2 giant cockroaches (D:2)
  6 goblins
  7 hobgoblins
  7 jackals (D:1)
  5 kobolds
  2 ball pythons (D:3)
  3 frilled lizards
  9 rats
60 creatures vanquished.

Notes
Turn   | Place    | Note
-------+----------+-------------------------------------------
     0 | D:1      | Blackhawk the Minotaur Berserker began the quest for the
                  | Orb.
     0 | D:1      | Reached XP level 1. HP: 19/19 MP: 0/0
   231 | D:1      | Reached XP level 2. HP: 26/27 MP: 1/1
   670 | D:1      | Reached ** piety under Trog
   749 | D:1      | Reached XP level 3. HP: 33/33 MP: 2/2
  1700 | D:2      | Reached XP level 4. HP: 38/40 MP: 3/3
  1783 | D:2      | Found an opulent altar of Gozag.
  2072 | D:3      | Noticed Jessica
  2077 | D:3      | Killed Jessica
  2105 | D:3      | Reached *** piety under Trog
  2142 | D:3      | Noticed Grinder
  2144 | D:3      | Paralysed by Grinder for 3 turns
  2159 | D:3      | HP: 2/41 [Grinder (1)]
  2160 | D:3      | Slain by Grinder

Levels and vault maps discovered:
D:1:      minmay_arrival_nine_rooms, layout_loops_ring
D:2:      layout_loops_ring, lemuel_statue_altar
D:3:      layout_basic, tgw_xom, grunt_temple_overflow_open, uniq_jessica,
          uniq_grinder, uniq_terence

Skill      XL: |  1  2  3 |
---------------+----------+-----
Axes           | 4 |  4.5
Fighting       | 4 |  4.5
Armour         | 3 |  3.6
Dodging        | 3 |  3.2

Action                   |  1- 3 |  4- 6 || total
-------------------------+-------+-------++-------
Melee: Hand axe          |    99 |    28 ||   127
       Headbutt          |    16 |     5 ||    21
  Use: Potion            |       |     4 ||     4
 Stab: Sleeping          |     1 |       ||     1
  Eat: Chunk             |     2 |     2 ||     4
Armor: Animal skin       |    25 |     6 ||    31
Dodge: Dodged            |    45 |    11 ||    56

Table legend:
 A = Non-vault XP
 B = Vault XP
 C = Vault XP percentage of total XP
 D = Non-vault monster count
 E = Vault monster count
 F = Vault count percentage of total count
                 A         B        C        D         E       F
            +---------+---------+-------+---------+---------+-------
      Total |     123 |      37 |  23.1 |      59 |       1 |   1.7
            +---------+---------+-------+---------+---------+-------
        D:1 |      60 |       0 |   0.0 |      34 |       0 |   0.0
        D:2 |      54 |       0 |   0.0 |      19 |       0 |   0.0
        D:3 |       9 |      37 |  80.4 |       6 |       1 |  14.3
            +---------+---------+-------+---------+---------+-------
